 Dungeon Crawl Stone Soup version 0.31.0-32-g396128a36d (webtiles) character file.

Game seed: 1330169790042331122

459 ChadusMaximus the Summoner (level 7, 0/46 HPs)
             Began as a Barachi Summoner on Mar 8, 2024.
             Was an Initiate of Hepliaklqana.
             Constricted to death by Pikel (7 damage)
             ... on level 4 of the Dungeon.
             The game lasted 00:06:00 (4144 turns).

ChadusMaximus the Summoner (Barachi Summoner)       Turns: 4144, Time: 00:06:01

Health: 0/46       AC:  4    Str: 10    XL:     7   Next: 6%
Magic:  13/13      EV:  9    Int: 17    God:    Hepliaklqana [......]
Gold:   299        SH:  0    Dex:  9    Spells: 9/15 levels left

rFire   . . .        q - +0 sling
rCold   . . .        (no shield)
rNeg    . . .        o - +0 robe "Taytre" {Will++ Dex-3 Slay+6}
rPois   .            (no helmet)
rElec   .            (no cloak)
rCorr   .            h - +0 pair of gloves
SInv    .            l - +0 pair of boots
Will    ++...        (no amulet)
Stlth   ++           (no ring)
HPRegen 0.27/turn    (no ring)
MPRegen 0.13/turn

%: no passive effects
@: grasped by roots, unable to hop, hasted, constricted, inugami summoned, very
quick
A: amphibious, slowness 1, strong legs 1, +LOS
a: Hop, Renounce Religion


You were on level 4 of the Dungeon.
You worshipped Hepliaklqana.
Hepliaklqana was noncommittal.
You visited 1 branch of the dungeon, and saw 5 of its levels.

You collected 299 gold pieces.

Inventory:

Hand Weapons
 d - a +0 dagger
 f - a +0 mace
 q - a +0 sling (weapon)
Armour
 a - a +0 robe
 h - a +0 pair of gloves (worn)
 l - a +0 pair of boots (worn)
 o - the +0 robe "Taytre" (worn) {Will++ Dex-3 Slay+6}
   (You found it on level 2 of the Dungeon)

   Dex-3:     It affects your dexterity (-3).
   Slay+6:    It affects your accuracy & damage with ranged weapons and melee
   (+6).
   Will++:    It greatly increases your willpower.
 y - a +0 buckler
Jewellery
 g - an amulet of faith
 v - a +6 ring of dexterity
Scrolls
 i - a scroll of blinking {unknown}
 k - 3 scrolls of enchant weapon {unknown}
 m - a scroll of fog {unknown}
 s - a scroll of revelation {unknown}
 t - a scroll of amnesia {unknown}
 u - 3 scrolls of identify {unknown}
 w - a scroll of enchant armour {unknown}
 x - a scroll of teleportation {unknown}
Potions
 c - a potion of haste
 e - a potion of heal wounds {unknown}
 j - a potion of cancellation {unknown}
 n - 2 potions of curing {unknown}
 p - 2 potions of lignification {unknown}
 r - a potion of might {unknown}
 z - a potion of brilliance {unknown}
 A - a potion of berserk rage {unknown}


   Skills:
 - Level 2.1 Dodging
 - Level 1.7 Stealth
 + Level 4.6 Spellcasting
 * Level 8.5 Summonings


You had 9 spell levels left.
You knew the following spells:

 Your Spells              Type           Power      Damage    Failure   Level
a - Summon Small Mammal   Summ           100%       N/A       1%          1
b - Call Canine Familiar  Summ           33%        N/A       1%          3
c - Call Imp              Summ           66%        N/A       1%          2

Your spell library contained the following spells:

 Spells                   Type           Power      Damage    Failure   Level
 Magic Dart               Conj           12%        1d3       16%         1
 Slow                     Hex            12%        N/A       16%         1
 Searing Ray              Conj           6%         2d4       22%         2
 Summon Blazeheart Golem  Fire/Summ      18%        N/A       26%         4
 Summon Lightning Spire   Summ/Air       18%        N/A       26%         4
 Confusing Touch          Hex            3%         N/A       41%         3
 Sigil of Binding         Hex            3%         N/A       41%         3
 Vampiric Draining        Necr           3%         2d6       41%         3
 Fulminant Prism          Conj/Alch      1%         3d5       83%         4


Dungeon Overview and Level Annotations

Branches:
Dungeon (5/15)             Temple (0/1) D:4

Altars:
Hepliaklqana
Kikubaaqudgha
Sif Muna
The Shining One

Shops:
D:3 :

Annotations:
D:4 Pikel


Innate Abilities, Weirdness & Mutations

You are amphibious.
You cover ground slowly.
You can hop short distances.
You have an extended range of vision and can be seen from far away.


Message History

Casting: Summon Small Mammal (safe; 1% risk of failure)
Confirm with . or Enter, or press ? or * to list all spells.
A tiny devil pulls itself out of the air.
Your quokka closely misses Pikel.
Your quokka bites Pikel.
Pikel hits you with a +1 whip of flaming.
Pikel burns you.
Your familiar recovers from its injuries.
Your quokka bites Pikel but does no damage.
Your cerulean imp barely misses Pikel.
Casting: Call Imp (safe; 1% risk of failure)
Confirm with . or Enter, or press ? or * to list all spells.
You call for your canine familiar and it appears with a howl!
Pikel waves his whip at you.
Pikel hits you with a +1 whip of flaming!
Pikel burns you.
Your quokka closely misses Pikel.
Your cerulean imp hits Pikel but does no damage.
Unknown command.
Magic courses through your body.
Your quokka barely misses Pikel.
Pikel hits you with a +1 whip of flaming.
* * * LOW HITPOINT WARNING * * *
Pikel burns you.
* * * LOW HITPOINT WARNING * * *
Your inugami barely misses Pikel.
Your cerulean imp hits Pikel but does no damage.
Your quokka closely misses Pikel.
Unknown command.
It was a potion of haste.
You feel yourself speed up.
Pikel hits you with a +1 whip of flaming.
* * * LOW HITPOINT WARNING * * *
Pikel burns you.
* * * LOW HITPOINT WARNING * * *
Your cerulean imp hits Pikel but does no damage.
Your inugami hits Pikel but does no damage.
Pikel says, "You'll feel the lick of my whip!"
Pikel zaps a wand.
The roots erupt in riotous growth!
The grasping roots grab you! The grasping roots constrict you!
You die...
Pikel says, "Another soul for the market."

.##.......## .##........#
.##.......## ##### .#####...##
##########...# ......%.##
#............# .#####..#
#.#.#.#.#.#..## ........#
#.............# ..#.....#
#.#.......#...#
###..#..#####hK.@.......#.#
≈≈##......5.r.#...>...#...#
..≈##..#.###............#.###
....'.###.###.#.......#.....#
.>..'.####..............###.#
....'......##.#.#.#[#.#.###.#
..≈##.###................##.##
≈≈###.# #..###....####.......#
### #.###..# ###### #.#.##..#


You could see Pikel (ally target), a friendly cerulean imp (summoned), a
friendly quokka (summoned) and a friendly inugami (summoned).

Vanquished Creatures
  A bullfrog (D:4)
  An orc priest (D:3)
  3 gnolls (D:4)
  5 adders
  A dart slug (D:3)
  2 orcs (D:3)
  8 endoplasms
  6 giant cockroaches
  7 goblins
  5 hobgoblins
  2 jackals
  8 kobolds
  A quokka (D:4)
  11 ball pythons
  5 bats
  9 frilled lizards
  4 rats
79 creatures vanquished.

Vanquished Creatures (collateral kills)
  A phantom (D:4)
  The ghost of Killerpretzel the Changeling, a weakling OpSh (D:3)
  An iguana (D:4)
  An orc wizard (D:3)
  2 adders (D:2)
  2 ribbon worms (D:4)
  2 orcs
  3 endoplasms
  2 hobgoblins
  7 jackals (D:1)
  2 quokkas
  A ball python (D:1)
  4 bats
  A frilled lizard (D:1)
  3 kobolds
  A rat (D:1)
34 creatures vanquished.

Grand Total: 113 creatures vanquished

Notes
Turn   | Place    | Note
-------+----------+-------------------------------------------
     0 | D:1      | ChadusMaximus the Barachi Summoner began the quest for the
                  | Orb.
     0 | D:1      | Reached XP level 1. HP: 13/13 MP: 3/3
    73 | D:1      | Reached skill level 5 in Summonings
   149 | D:1      | Reached XP level 2. HP: 4/19 MP: 1/5
   786 | D:1      | Reached XP level 3. HP: 24/24 MP: 7/7
  1220 | D:2      | Identified the +0 robe "Taytre" {Will++ Dex-3 Slay+6}
  1313 | D:2      | Learned a level 3 spell: Call Canine Familiar
  1433 | D:2      | Reached skill level 6 in Summonings
  1506 | D:2      | Reached XP level 4. HP: 20/30 MP: 1/8
  1509 | D:2      | Learned a level 2 spell: Call Imp
  2089 | D:3      | Found an ancient bone altar of Kikubaaqudgha.
  2172 | D:3      | Found a hazy altar of Hepliaklqana.
  2314 | D:3      | Found Puhiczur's Book Shoppe.
  2490 | D:3      | Reached XP level 5. HP: 23/35 MP: 4/10
  2552 | D:3      | Reached skill level 7 in Summonings
  2751 | D:3      | Found a shimmering blue altar of Sif Muna.
  2817 | D:3      | Found a runed translucent door.
  2817 | D:3      | Noticed Killerpretzel's ghost (weakling OpSh)
  3075 | D:3      | Killed Killerpretzel's ghost
  3076 | D:3      | Reached XP level 6. HP: 41/41 MP: 5/11
  3164 | D:3      | Became a worshipper of Hepliaklqana the Forgotten
  3178 | D:4      | Found a staircase to the Ecumenical Temple.
  3574 | D:4      | Reached skill level 8 in Summonings
  3892 | D:4      | Reached XP level 7. HP: 46/46 MP: 13/13
  3993 | D:4      | Found a glowing golden altar of the Shining One.
  4110 | D:5      | Entered Level 5 of the Dungeon
  4113 | D:5      | Noticed Pikel
  4144 | D:4      | Constricted to death by Pikel

Illustrated notes

Levels and vault maps discovered:
D:1:      beargit_arrival_diablo_church, layout_loops_ring, fountainhead
D:2:      kb_forest_paths, layout_basic
D:3:      minmay_razor_zed, layout_loops_ring, kennysheep_orc_sif_temple,
          kiku_gazebo_garden_becter, nzn_hepliaklqana_mist_gate,
          gammafunk_ghost_grave, serial_shops, nicolae_shop_trees,
          serial_bayou_crossing
D:4:      layout_loops_cross, nicolae_tso_swordbearing_angel,
          minmay_temple_entry_glass, kennysheep_cross_room,
          kennysheep_windowed_goal
D:5:      layout_gridville, zin_statuary, serial_undead, serial_undead_f,
          serial_undead_a, serial_undead_c, serial_undead_f,
          gammafunk_ghost_grave, uniq_ijyb, uniq_pikel

Skill      XL: |  1  2  3  4  5  6 |
---------------+-------------------+-----
Summonings     | 5 6 7 8 |  8.5
Spellcasting   | 3 4 |  4.6
Dodging        | |  2.1
Stealth        | |  1.7

Action                     |  1- 3 |  4- 6 |  7- 9 || total
---------------------------+-------+-------+-------++-------
  Melee: Unarmed           |    14 |       |       ||    14
         Dagger            |    23 |       |       ||    23
         Mace              |    46 |       |       ||    46
   Fire: Sling             |    13 |   149 |    10 ||   172
   Cast: Summon Small Mamm |    38 |     3 |     4 ||    45
         Call Canine Famil |     1 |     9 |     3 ||    13
         Call Imp          |       |     6 |     4 ||    10
Ability: Hop               |     2 |       |     1 ||     3
    Use: Potion            |       |       |     2 ||     2
   Stab: Sleeping          |     4 |       |       ||     4
 Armour: Robe              |   109 |    52 |     9 ||   170
  Dodge: Dodged            |   117 |    45 |     2 ||   164
